 Dungeon Crawl Stone Soup version 0.28-a0-21-gf74fda84f9 (webtiles) character file.

Game seed: 11125667826876313838

424 miscthings the Chopper (level 6, -1/47 HPs)
             Began as a Gnoll Wanderer on July 27, 2021.
             Was a Believer of Lugonu.
             Slain by an ogre (16 damage)
             ... on level 4 of the Dungeon.
             The game lasted 00:06:52 (3434 turns).

miscthings the Chopper (Gnoll Wanderer)             Turns: 3434, Time: 00:06:52

Health: -1/47      AC:  6    Str: 12    XL:     6   Next: 96%
Magic:  0/9        EV: 11    Int: 12    God:    Lugonu [**....]
Gold:   113        SH:  0    Dex: 12    Spells: 9/9 levels left

rFire   + . .      SeeInvis .   h - +1 dagger (freeze)
rCold   . . .      Faith    .   (no shield)
rNeg    . . .      Spirit   +   s - +3 leather armour {rF+}
rPois   .          Reflect  .   (no helmet)
rElec   .          Harm     .   (no cloak)
rCorr   .          Rampage  .   (no gloves)
Will    .....                   (no boots)
Stlth   +.........              n - amulet of guardian spirit
HPRegen 0.15/turn               (no ring)
MPRegen 0.11/turn               (no ring)

@: very slow
A: fangs 1, strong nose, distributed training
a: Renounce Religion, Depart the Abyss, Bend Space


You were on level 4 of the Dungeon.
You worshipped Lugonu.
Lugonu was pleased with you.
You visited 1 branch of the dungeon, and saw 4 of its levels.

You collected 113 gold pieces.

Inventory:

Hand Weapons
 a - a +2 dagger
 h - a +1 dagger of freezing (weapon)
 r - a +1 dagger of draining
Armour
 e - a +0 robe
 s - a +3 leather armour of fire resistance (worn)
Jewellery
 n - an amulet of guardian spirit (around neck)
 q - a ring of ice
Scrolls
 g - a scroll of teleportation
 j - a scroll of immolation {unknown}
 p - a scroll of magic mapping {unknown}
Potions
 b - a potion of heal wounds
 c - 2 potions of curing
 d - 2 potions of lignification
 f - a potion of mutation {unknown}
 i - a potion of haste
 k - a potion of attraction
 l - a potion of cancellation {unknown}
 m - a potion of magic {unknown}
 o - a potion of resistance {unknown}
 t - a potion of flight {unknown}


   Skills:
 + Level 3.4 Fighting
 + Level 5.1 Short Blades
 + Level 2.2 Long Blades
 + Level 5.1 Axes
 + Level 2.2 Maces & Flails
 + Level 2.2 Polearms
 + Level 2.2 Staves
 + Level 2.2 Slings
 + Level 2.2 Bows
 + Level 2.2 Crossbows
 + Level 3.4 Throwing
 + Level 3.4 Armour
 + Level 2.2 Dodging
 + Level 4.7 Stealth
 + Level 3.4 Shields
 + Level 2.2 Unarmed Combat
 + Level 2.2 Spellcasting
 + Level 1.7 Conjurations
 + Level 1.7 Hexes
 + Level 1.7 Summonings
 + Level 1.7 Necromancy
 + Level 1.7 Translocations
 + Level 1.7 Transmutations
 + Level 1.7 Fire Magic
 + Level 1.7 Ice Magic
 + Level 1.7 Air Magic
 + Level 1.7 Earth Magic
 + Level 1.7 Poison Magic
 + Level 2.4 Invocations
 + Level 2.2 Evocations


You had 9 spell levels left.
You didn't know any spells.
Your spell library contained the following spells:

 Spells                   Type           Power      Damage    Failure   Level
 Magic Dart               Conj           20%        1d4       17%         1
 Searing Ray              Conj           10%        3d3       26%         2
 Airstrike                Air            2%         N/A       86%         4
 Fulminant Prism          Conj/Hex       2%         3d6       86%         4
 Summon Lightning Spire   Summ/Air       5%         N/A       86%         4
 Lightning Bolt           Conj/Air       2%         1d14      99%         5


Dungeon Overview and Level Annotations

Branches:
Dungeon (4/15)
 Temple: D:4-7

Altars:
Lugonu


Innate Abilities, Weirdness & Mutations

You have very sharp teeth.
Your uncanny sense of smell can sniff out nearby items.
Your experience applies equally to all skills.


Message History

You bite the bullfrog skeleton, but do no damage.
The bullfrog skeleton is almost destroyed.
The bullfrog skeleton hits you but does no damage.
You hit the bullfrog skeleton.
You destroy the bullfrog skeleton!
Lugonu accepts your kill.
You enter the shallow water.
Moving in this stuff is going to be slow.
A jackal and an ogre come into view.
You aren't carrying any items that you can evoke.
Found a stone staircase leading down.
The endoplasm quivers.
You barely miss the endoplasm. The endoplasm closely misses you.
You hit the endoplasm. You freeze the endoplasm.
The endoplasm is severely wounded.
The endoplasm freezes you.
You are frozen.
The endoplasm hits you but does no damage.
You hit the endoplasm. You freeze the endoplasm.
You kill the endoplasm!
Lugonu accepts your kill.
You enter the shallow water.
Moving in this stuff is going to be slow.
Why would you want to do that?
You hit the ogre but do no damage. Your bite misses the ogre.
The ogre hits you with a +0 giant club!!
You hit the ogre. You freeze the ogre.
The ogre is lightly wounded.
The ogre closely misses you.
You feel better.
You hit the ogre. You freeze the ogre.
The ogre is moderately wounded.
The ogre hits you with a +0 giant club! Space bends around you!
You blink.
Splash!
You fall into the shallow water.
Moving in this stuff is going to be slow.
Why would you want to do that?
The ogre hits you with a +0 giant club!!
You die...

.# ##.##..###...#..# .#
#####...#...#.......#
.###............#....(##
......≈(≈.......#.....#
≈≈.≈.≈P≈..≈≈≈.≈..#...######
≈≈≈≈≈≈≈≈≈≈≈≈≈P≈≈......##..##
≈≈≈≈≈≈≈≈≈≈≈≈≈P≈≈≈..........##
≈≈.≈≈≈≈≈≈≈≈≈≈≈PP≈P≈.........## #
≈≈≈.≈≈≈≈≈≈≈≈≈≈≈≈@≈≈≈.........#...
......≈P≈≈≈≈≈≈≈≈≈O≈P.............
............P≈P≈≈≈≈≈.......###...
...###.....≈≈.≈≈≈≈≈≈≈≈.....# #...
... .........P≈≈≈≈≈P.....#.....
... ###......≈≈≈≈≈≈≈.P.........
.........≈≈≈≈≈≈.........
.../.....#≈≈≈##.........
.........##≈≈≈#..#.>##..


You could see an ogre.

Vanquished Creatures
  Eustachio (D:4)
  A phantom (D:4)
  A jelly (D:4)
  A bullfrog skeleton (D:4)
  An iguana (D:3)
  4 adders
  5 dart slugs
  An orc (D:3)
  5 bats
  6 endoplasms
  13 giant cockroaches
  5 goblins
  9 hobgoblins
  7 jackals
  A quokka (D:3)
  4 ball pythons
  13 frilled lizards
  7 kobolds
  2 rats
87 creatures vanquished.

Vanquished Creatures (others)
  8 plants (D:3)
8 creatures vanquished.

Grand Total: 95 creatures vanquished

Notes
Turn   | Place    | Note
-------+----------+-------------------------------------------
     0 | D:1      | miscthings the Gnoll Wanderer began the quest for the Orb.
     0 | D:1      | miscthings set off with the following items: a +2 dagger, a
                  | potion of heal wounds, a potion of curing, a potion of
                  | lignification, a +0 robe
     0 | D:1      | Reached XP level 1. HP: 17/17 MP: 1/1
   109 | D:1      | Reached XP level 2. HP: 19/23 MP: 2/2
   832 | D:2      | Reached XP level 3. HP: 26/28 MP: 3/3
   965 | D:2      | Reached skill level 1 in Invocations
  1295 | D:2      | Reached skill level 1 in Long Blades
  1295 | D:2      | Reached skill level 1 in Maces & Flails
  1295 | D:2      | Reached skill level 1 in Polearms
  1295 | D:2      | Reached skill level 1 in Staves
  1295 | D:2      | Reached skill level 1 in Slings
  1295 | D:2      | Reached skill level 1 in Bows
  1295 | D:2      | Reached skill level 1 in Crossbows
  1295 | D:2      | Reached skill level 1 in Dodging
  1295 | D:2      | Reached skill level 1 in Unarmed Combat
  1295 | D:2      | Reached skill level 1 in Spellcasting
  1295 | D:2      | Reached skill level 1 in Evocations
  1555 | D:3      | Reached XP level 4. HP: 34/34 MP: 5/5
  1876 | D:3      | Reached skill level 1 in Conjurations
  1876 | D:3      | Reached skill level 1 in Hexes
  1876 | D:3      | Reached skill level 1 in Summonings
  1876 | D:3      | Reached skill level 1 in Necromancy
  1876 | D:3      | Reached skill level 1 in Translocations
  1876 | D:3      | Reached skill level 1 in Transmutations
  1876 | D:3      | Reached skill level 1 in Fire Magic
  1876 | D:3      | Reached skill level 1 in Ice Magic
  1876 | D:3      | Reached skill level 1 in Air Magic
  1876 | D:3      | Reached skill level 1 in Earth Magic
  1876 | D:3      | Reached skill level 1 in Poison Magic
  2188 | D:3      | Reached XP level 5. HP: 34/40 MP: 4/7
  2275 | D:3      | Found a faded altar of an unknown god.
  2279 | D:3      | Became a worshipper of Lugonu the Unformed
  2279 | D:3      | Reached * piety under Lugonu
  2279 | D:3      | Reached ** piety under Lugonu
  2576 | D:4      | Noticed Eustachio
  2581 | D:4      | Noticed a black bear
  2626 | D:4      | Killed Eustachio
  2627 | D:4      | Reached XP level 6. HP: 22/47 MP: 4/8
  2914 | D:4      | Reached skill level 5 in Short Blades
  2914 | D:4      | Reached skill level 5 in Axes
  3434 | D:4      | Slain by an ogre

Illustrated notes

Levels and vault maps discovered:
D:1:      dpeg_arrival_rooms_c, layout_basic, wad_floor_pattern_1,
          serial_bayou_crossing
D:2:      layout_basic
D:3:      minmay_roachtagon, layout_loops_ring, shapermc_ecumenical_altar_petra,
          kennysheep_crisscross, minmay_lizard_king
D:4:      layout_cave_pools, chequers_big_river, minmay_unequal, uniq_eustachio,
          uniq_crazy_yiuf_cottage

Skill      XL: |  1  2  3  4  5  6 |
---------------+-------------------+-----
Invocations    | 1 2 |  2.4
Long Blades    | 1 2 |  2.2
Maces & Flails | 1 2 |  2.2
Polearms       | 1 2 |  2.2
Staves         | 1 2 |  2.2
Slings         | 1 2 |  2.2
Bows           | 1 2 |  2.2
Crossbows      | 1 2 |  2.2
Dodging        | 1 2 |  2.2
Unarmed Combat | 1 2 |  2.2
Spellcasting   | 1 2 |  2.2
Evocations     | 1 2 |  2.2
Conjurations   | 1 |  1.7
Hexes          | 1 |  1.7
Summonings     | 1 |  1.7
Necromancy     | 1 |  1.7
Translocations | 1 |  1.7
Transmutations | 1 |  1.7
Fire Magic     | 1 |  1.7
Ice Magic      | 1 |  1.7
Air Magic      | 1 |  1.7
Earth Magic    | 1 |  1.7
Poison Magic   | 1 |  1.7
Fighting       | 3 |  3.4
Throwing       | 3 |  3.4
Armour         | 3 |  3.4
Shields        | 3 |  3.4
Short Blades   | 5 |  5.1
Axes           | 5 |  5.1
Stealth        | |  4.7

Action                   |  1- 3 |  4- 6 || total
-------------------------+-------+-------++-------
Melee: Dagger            |   121 |   222 ||   343
       Bite              |     5 |    17 ||    22
       Punch             |       |     1 ||     1
       Unarmed           |       |    16 ||    16
Invok: Bend Space        |       |     1 ||     1
  Use: Potion            |       |     2 ||     2
       Scroll            |       |     3 ||     3
 Stab: Sleeping          |     8 |     5 ||    13
Armor: Robe              |    15 |    20 ||    35
       Skin              |       |    50 ||    50
       Leather armour    |       |    20 ||    20
Dodge: Dodged            |    58 |   113 ||   171

Table legend: (Time is in decaauts)
 A = Elapsed time spent in this place.
 B = Non-inter-level travel time spent in this place.
 C = Inter-level travel time spent in this place.
 D = Time resting spent in this place.
 E = Time spent auto-exploring this place.
 F = Levels seen in this place.
 G = Mean time per level.
                   A        B        C        D        E       F      G
               +--------+--------+--------+--------+--------+-----+--------+
         Total |   3360 |   3263 |     97 |    869 |   1581 |   4 |  840.0 |
       Dungeon |   3360 |   3263 |     97 |    869 |   1581 |   4 |  840.0 |
               +--------+--------+--------+--------+--------+-----+--------+

Top non-repeatable levels by time:
     D:3: 1244 daAuts
     D:1: 798 daAuts
     D:2: 672 daAuts
     D:4: 644 daAuts
